 Dungeon Sprint DCSS version 0.19.0-19-g8c6edcc (webtiles) character file.

204 equalderp2856 the Gouger (level 5, -4/28 HPs)
             Began as a Felid Fighter on Nov 12, 2016.
             Slain by an ettin
             ... wielding a +0 dire flail
              (32 damage)
             ... in the Dungeon (Sprint IX: "|||||||||||||||||||||||||||||").
             The game lasted 00:01:38 (921 turns).

equalderp2856 the Gouger (Felid Fighter)             Turns: 921, Time: 00:01:38

Health: -4/28      AC:  2    Str: 16    XL:     5   Next: 52%
Magic:  6/6        EV: 24    Int: 12    God:
Gold:   0          SH:  0    Dex: 17    Spells: 0 memorised, 4 levels left
                                        Lives:  0   Deaths: 1

rFire  . . .     SeeInvis +       - Unarmed
rCold  . . .     Gourm    .     (armour unavailable)
rNeg   . . .     Faith    .     (shield unavailable)
rPois  .         Spirit   .     (helmet unavailable)
rElec  .         Reflect  .     (cloak unavailable)
rCorr  .         Harm     .     (gloves unavailable)
MR     .....     NoTele   +     (boots unavailable)
Stlth  +++.......               (no amulet)
                                n - +3 ring of intelligence
                                m - +3 ring of strength

@: quick
A: no armour, no weapons or thrown items, stealth, claws 1, fangs 3, see
invisible, carnivore 3, speed 1, shaggy fur 2, slow metabolism 1, sharp paws
a: no special abilities


You were in the Dungeon.
You were not hungry.

You visited 1 branch

Inventory:

Jewellery
 m - a +3 ring of strength (left paw)
 n - a +3 ring of intelligence (right paw)
Wands
 l - a wand of lightning (7/15)
Scrolls
 h - 2 scrolls of blinking
 j - 3 scrolls of remove curse
 k - 2 scrolls of amnesia
Potions
 a - a potion of might
 c - 5 potions of curing
 d - 3 potions of heal wounds
 e - a potion of haste
 f - 4 potions of magic
 g - a potion of berserk rage
 i - a potion of invisibility
Comestibles
 b - a meat ration


   Skills:
 + Level 6.7 Fighting
 + Level 8.3 Dodging
 + Level 5.1 Stealth
 + Level 10.7 Unarmed Combat


You had 4 spell levels left.
You didn't know any spells.

Dungeon Overview and Level Annotations

Branches:
Dungeon (1/1)

Altars:
Cheibriados
Dithmenos
Elyvilon
Fedhas
Gozag
Hepliaklqana
Kikubaaqudgha
Makhleb
Nemelex Xobeh
Okawaru
Qazlal
Ru
Sif Muna
Trog
Uskayaw
Vehumet
Xom
Yredelemnul
Zin
The Shining One
Beogh
Jiyva
Lugonu


Innate Abilities, Weirdness & Mutations

You cannot wear armour.
You are incapable of wielding weapons or throwing items.
Your paws allow you to move quietly. (Stealth)
You have sharp claws.
You have razor-sharp teeth.
You have supernaturally acute eyesight. (SInv)
You are carnivorous and can eat meat at any time.
You cover ground quickly.
You are covered in thick fur. (AC +2)
You have a slow metabolism.
Your sharp claws are effective at attacking unaware monsters.


Message History

You completely miss the ettin. You barely miss the ettin.
The orc warrior shouts!
You bite the ettin, but do no damage. The ettin closely misses you.
The ettin completely misses you.
You claw the ettin! Your bite misses the ettin.
The ettin is lightly wounded.
The ettin closely misses you. The ettin completely misses you.
You scratch the ettin but do no damage.
The ettin is lightly wounded.
An orc priest comes into view. It is wielding a hand axe.
The orc priest shouts!
You scratch the ettin.
The ettin is lightly wounded.
The ettin closely misses you. The ettin barely misses you.
You scratch the ettin but do no damage. You bite the ettin!
The ettin is moderately wounded.
The ettin closely misses you. The ettin hits you with a great mace!!
Ouch! That really hurt!
You die...

▓<...'())..[)....'______________T
▓▓▓▓▓▓▓▓▓▓▓▓▓▓▓▓▓▓▓▓▓▓▓▓▓▓▓▓▓▓▓▓▓
▓▓▓▓▓▓▓▓▓▓▓▓▓▓▓▓▓▓▓▓▓▓▓▓▓▓▓▓▓▓▓▓▓
▓................................
▓.▓▓▓▓▓▓▓▓▓▓▓▓▓▓▓▓▓▓▓▓▓▓▓▓▓▓▓▓▓▓▓
▓.............')@Coooooo
▓▓▓▓▓▓▓▓▓▓▓▓▓▓▓▓▓▓▓▓▓▓▓▓


You could see an ettin, an orc warrior, an orc priest, an orc wizard and 3 orcs.

Vanquished Creatures
  A yak (D)
  An ogre (D)
  A jelly (D)
  An orc priest (D)
  An orc wizard (D)
  A worker ant (D)
  2 orcs (D)
  2 giant cockroaches (D)
  A frilled lizard (D)
  4 kobolds (D)
  A rat (D)
16 creatures vanquished.

Notes
Turn   | Place    | Note
-------+----------+-------------------------------------------
     0 | D        | equalderp2856 the Felid Fighter began the quest for the Orb.
     0 | D        | Reached XP level 1. HP: 10/10 MP: 2/2
   305 | D        | Noticed a jelly
   307 | D        | Killed a jelly
   307 | D        | Reached skill level 5 in Dodging
   307 | D        | Reached skill level 6 in Unarmed Combat
   307 | D        | Reached XP level 2. HP: 7/15 MP: 3/3
   307 | D        | Reached XP level 3. HP: 9/18 MP: 4/4
   543 | D        | Found a roughly hewn altar of Beogh.
   543 | D        | Found a snail-covered altar of Cheibriados.
   543 | D        | Found a shadowy altar of Dithmenos.
   543 | D        | Found a white marble altar of Elyvilon.
   543 | D        | Found a blossoming altar of Fedhas.
   543 | D        | Found an opulent altar of Gozag.
   544 | D        | Found a hazy altar of Hepliaklqana.
   545 | D        | Found a viscous altar of Jiyva.
   546 | D        | Found an ancient bone altar of Kikubaaqudgha.
   547 | D        | Found a corrupted altar of Lugonu.
   548 | D        | Found a burning altar of Makhleb.
   549 | D        | Found a sparkling altar of Nemelex Xobeh.
   550 | D        | Found an iron altar of Okawaru.
   551 | D        | Found a stormy altar of Qazlal.
   552 | D        | Found a sacrificial altar of Ru.
   553 | D        | Found a deep blue altar of Sif Muna.
   554 | D        | Found a bloodstained altar of Trog.
   555 | D        | Found a hide-covered altar of Uskayaw.
   556 | D        | Found a radiant altar of Vehumet.
   557 | D        | Found a shimmering altar of Xom.
   558 | D        | Found a basalt altar of Yredelemnul.
   559 | D        | Found a glowing silver altar of Zin.
   560 | D        | Found a glowing golden altar of the Shining One.
   586 | D        | Noticed a yak
   586 | D        | Noticed an ogre
   586 | D        | Noticed a troll
   586 | D        | Noticed a scorpion
   770 | D        | Killed a yak
   770 | D        | Reached skill level 5 in Fighting
   770 | D        | Reached skill level 9 in Unarmed Combat
   770 | D        | Reached XP level 4. HP: 19/24 MP: 5/5
   770 | D        | Reached XP level 5. HP: 21/27 MP: 6/6
   775 | D        | Killed an ogre
   775 | D        | Reached skill level 10 in Unarmed Combat
   839 | D        | Gained mutation: You are covered in thick fur. (AC +2) [Felid growth]
   839 | D        | Reached XP level 6. HP: 31/31 MP: 7/7
   849 | D        | Slain by a troll
   850 | D        | Reached XP level 5. HP: -2/28 MP: 6/6
   907 | D        | Noticed an ettin
   914 | D        | Reached skill level 5 in Stealth
   915 | D        | Noticed an orc warrior
   921 | D        | Slain by an ettin

Skill      XL: |  1  2  3  4  5 |
---------------+----------------+-----
Fighting       | 4 5 6 |  6.7
Dodging        | 5 7 8 |  8.3
Unarmed Combat | 6 9 10 | 10.7
Stealth        | 3 5 |  5.1

Action                   |  1- 3 |  4- 6 || total
-------------------------+-------+-------++-------
Melee: Unarmed           |    26 |    20 ||    46
       Bite              |     2 |     2 ||     4
       Punch             |       |     1 ||     1
 Stab: Distracted        |     1 |     1 ||     2
       Sleeping          |       |     1 ||     1
Armor: Skin              |       |     1 ||     1
Dodge: Dodged            |    11 |    19 ||    30
